 Dungeon Sprint DCSS version 0.17-a0-1450-g7e755d1 (webtiles) character file.

490 pulse the Cleaver (level 7, -9/64 HPs)
             Began as a Formicid Berserker on June 30, 2015.
             Was a High Priest of Trog.
             Mangled by a skeletal warrior
             ... wielding a +0 hand axe
              (18 damage)
             ... in the Dungeon (Sprint IX: "|||||||||||||||||||||||||||||").
             The game lasted 00:02:02 (488 turns).

pulse the Cleaver (Formicid Berserker)               Turns: 488, Time: 00:02:02

Health: -9/64      AC: 13    Str: 23    XL:     7   Next: 36%
Magic:  7/7        EV:  9    Int:  6    God:    Trog [*****.]
Gold:   0          SH:  0    Dex: 17    Spells: 0 memorised, 6 levels left

rFire  . . .     SeeInvis +     m - +1 broad axe (chop)
rCold  . . .     Clarity  .     p - +1 chain mail
rNeg   . . .     SustAt   .     (no shield)
rPois  .         Gourm    .     (helmet unavailable)
rElec  .         Spirit   .     o - +0 cloak
rCorr  .         Warding  .     n - +0 pair of gloves
rMut   .         Stasis   +     (no boots)
MR     .....                    (no amulet)
Stlth  ..........               r - +3 ring of dexterity
                                q - +3 ring of dexterity

@: very slightly contaminated, invisible, not resistant to hostile enchantments,
extremely unstealthy
A: permanent stasis, dig shafts and tunnels, four strong arms, antennae 3
a: Dig, Burn Spellbooks, Trog's Hand, Brothers in Arms, Renounce Religion


You were in the Dungeon.
You worshipped Trog.
Trog was extremely pleased with you.
You were not hungry.

You visited 1 branch

Inventory:

Hand weapons
 a - a +0 hand axe
 m - a +1 broad axe of chopping (weapon)
Armour
 n - a +0 pair of gloves (worn)
 o - a +0 cloak (worn)
 p - a +1 chain mail (worn)
Jewellery
 q - a +3 ring of dexterity (left hand)
 r - a +3 ring of dexterity (right hand)
Magical devices
 l - a wand of fire (2)
Scrolls
 i - 2 scrolls of blinking
 k - 3 scrolls of remove curse
Potions
 f - a potion of haste
 g - 4 potions of magic
 h - a potion of berserk rage
Comestibles
 c - a bread ration


   Skills:
 + Level 9.3 Fighting
 * Level 11.2 Axes
 + Level 6.0 Armour
 - Level 2.6 Dodging
 + Level 1.3 Stealth
 + Level 1.0 Evocations


You had 6 spell levels left.
You didn't know any spells.

Dungeon Overview and Level Annotations

Branches:
Dungeon (1/1)

Altars:
Cheibriados
Dithmenos
Elyvilon
Fedhas
Gozag
Kikubaaqudgha
Makhleb
Nemelex Xobeh
Okawaru
Qazlal
Ru
Sif Muna
Trog
Vehumet
Xom
Yredelemnul
Zin
The Shining One
Beogh
Jiyva
Lugonu


Innate Abilities, Weirdness & Mutations

You are under a permanent stasis effect.
You can dig through walls and to a lower floor.
Your four strong arms can wield two-handed weapons with a shield.
You have a pair of large antennae on your head (SInv).


Message History

Drink which item? (? for menu, Esc to quit)
You feel better.
The skeletal warrior hits you with a hand axe.
* * * LOW HITPOINT WARNING * * *
The orc warrior hits you but does no damage.
You strike the helpless skeletal warrior from behind!
You hit the skeletal warrior.
The skeletal warrior is almost destroyed.
You hit the orc warrior.
The orc warrior is almost dead.
The orc warrior barely misses you.
You catch the helpless orc warrior completely off-guard!
You slash the orc warrior!
You kill the orc warrior!
Trog accepts your kill.
Your Axes skill increases to level 11!
Your Armour skill increases to level 6!
Your Stealth skill increases to level 1!
Your Evocations skill increases to level 1!
The skeletal warrior hits you with a hand axe!!
You die... ▓▓▓▓▓▓▓▓▓▓▓▓▓▓▓▓▓▓▓▓▓▓▓▓ .?|)....[').....@zFVO).+ ▓▓▓▓▓▓▓▓▓▓▓▓▓▓▓▓▓▓▓▓▓▓▓▓ { {{{{{{{{

You could see a skeletal warrior, a two-headed ogre, a vampire (invisible) and a giant frog.

Vanquished Creatures
  A gargoyle (D)
  An orc warrior (D)
  A wight (D)
  A hound (D)
  A worker ant (D)
  An adder (D)
  2 orcs (D)
  2 bats (D)
  A bat zombie (D)
  A jackal (D)
  A quokka (D)
  A giant gecko (D)
  2 giant newts (D)
  A goblin (D)
  A rat (D)
18 creatures vanquished.

Notes
Turn   | Place    | Note
--------------------------------------------------------------
     0 | D        | pulse the Formicid Berserker began the quest for the Orb.
     0 | D        | Reached XP level 1. HP: 18/18 MP: 1/1
    13 | D        | Acquired Trog's second power
   100 | D        | Noticed a worker ant
   110 | D        | Killed a worker ant
   110 | D        | Reached skill level 4 in Fighting
   110 | D        | Reached XP level 2. HP: 11/26 MP: 2/2
   110 | D        | Reached XP level 3. HP: 13/32 MP: 3/3
   124 | D        | Reached skill level 5 in Fighting
   124 | D        | Reached skill level 5 in Axes
   255 | D        | Found a glowing silver altar of Zin.
   255 | D        | Found a glowing golden altar of the Shining One.
   255 | D        | Found an ancient bone altar of Kikubaaqudgha.
   255 | D        | Found a basalt altar of Yredelemnul.
   255 | D        | Found a shimmering altar of Xom.
   255 | D        | Found a radiant altar of Vehumet.
   256 | D        | Found an iron altar of Okawaru.
   257 | D        | Found a burning altar of Makhleb.
   258 | D        | Found a deep blue altar of Sif Muna.
   259 | D        | Found a bloodstained altar of Trog.
   260 | D        | Found a sparkling altar of Nemelex Xobeh.
   261 | D        | Found a white marble altar of Elyvilon.
   262 | D        | Found a roughly hewn altar of Beogh.
   263 | D        | Found a viscous altar of Jiyva.
   264 | D        | Found a corrupted altar of Lugonu.
   265 | D        | Found a blossoming altar of Fedhas.
   266 | D        | Found a snail-covered altar of Cheibriados.
   267 | D        | Found a shadowy altar of Dithmenos.
   268 | D        | Found a stormy altar of Qazlal.
   269 | D        | Found an opulent altar of Gozag.
   270 | D        | Found a sacrificial altar of Ru.
   324 | D        | Noticed a wight
   324 | D        | Noticed a hound
   324 | D        | Noticed a gargoyle
   325 | D        | Acquired Trog's third power
   325 | D        | Killed a wight
   325 | D        | Reached skill level 6 in Axes
   325 | D        | Reached XP level 4. HP: 38/40 MP: 4/4
   327 | D        | Killed a hound
   327 | D        | Reached skill level 7 in Axes
   327 | D        | Reached XP level 5. HP: 43/46 MP: 5/5
   336 | D        | Killed a gargoyle
   336 | D        | Reached skill level 9 in Fighting
   336 | D        | Reached skill level 10 in Axes
   336 | D        | Reached skill level 5 in Armour
   336 | D        | Reached XP level 6. HP: 36/58 MP: 6/6
   336 | D        | Reached XP level 7. HP: 39/64 MP: 7/7
   471 | D        | Noticed an orc warrior
   471 | D        | Noticed a giant frog
   471 | D        | Noticed a skeletal warrior
   471 | D        | Noticed a vampire
   471 | D        | Noticed a two-headed ogre
   488 | D        | Killed an orc warrior
   488 | D        | Reached skill level 11 in Axes
   488 | D        | Reached skill level 1 in Stealth
   488 | D        | Reached skill level 1 in Evocations
   488 | D        | Mangled by a skeletal warrior

Vault maps used:
D:        linesprint

Action                   |  1- 3 |  4- 6 |  7- 9 || total
-------------------------+-------+-------+-------++-------
Melee: Hand axe          |    30 |       |       ||    30
       Broad axe         |       |     7 |     8 ||    15
Evoke: Wand              |       |     2 |     3 ||     5
  Use: Potion            |     2 |     2 |     5 ||     9
 Stab: Invisible         |       |       |     2 ||     2
